TOP OF THE 1ST |
Mexico City Conquistadors batting - Pitching for Monterrey Lasers : LHP Kevin Houston
|
Pitching: LHP Kevin Houston
|
|
Batting: RHB Brad Komminsk
|
0-0: Fly out, F4 (Flyball, 4MD, EV 93.1 MPH)
|
Batting: RHB German Rivera
|
0-0: Called Strike 0-1: Foul Ball, location: 2F 0-2: Strikes out swinging
|
Batting: LHB John Kruk
|
0-0: Called Strike 0-1: Swinging Strike 0-2: Foul Ball, location: 2F 0-2: Ball 1-2: Fly out, F7 (Flyball, 7D, EV 103.1 MPH)
|
Top of the 1st over - 0 runs, 0 hits, 0 errors, 0 left on base; Mexico City 0 - Monterrey 0 |
BOTTOM OF THE 1ST |
Monterrey Lasers batting - Pitching for Mexico City Conquistadors : RHP Mark Gubicza
|
Pitching: RHP Mark Gubicza
|
|
Batting: LHB Lenny Dykstra
|
0-0: Ball 1-0: Foul Ball, location: 2F 1-1: Foul Ball, location: 2F 1-2: Foul Ball, location: 2F 1-2: Foul Ball, location: 2F 1-2: Ball 2-2: Ball 3-2: Fly out, F8 (Flyball, 8RM, EV 90.6 MPH)
|
Batting: RHB Bob Brower
|
0-0: SINGLE (Groundball, 6MS, EV 71.9 MPH) (infield hit)
|
Batting: LHB Terry Francona
|
0-0: Ball 1-0: Grounds into double play, 4-6-3 (Groundball, 4, EV 93.8 MPH)
|
Bottom of the 1st over - 0 runs, 1 hit, 0 errors, 0 left on base; Mexico City 0 - Monterrey 0 |
TOP OF THE 2ND |
Mexico City Conquistadors batting - Pitching for Monterrey Lasers : LHP Kevin Houston
|
Batting: RHB George Gomez
|
0-0: Ball 1-0: Foul Ball, location: 2F 1-1: Ball 2-1: Swinging Strike 2-2: Ball 3-2: SINGLE (Groundball, 6MD, EV 96.9 MPH)
|
Batting: RHB Chris James
|
0-0: Called Strike 0-1: Ball 1-1: Ball 2-1: Ball 3-1: Base on Balls George Gomez to second
|
Batting: RHB Mariano Duncan
|
0-0: Swinging Strike 0-1: Ball 1-1: Ball 2-1: Ball 3-1: Foul Ball, location: 2F 3-2: Base on Balls George Gomez to third Chris James to second
|
Batting: RHB Jorge Villalobos
|
0-0: Called Strike 0-1: Called Strike 0-2: SINGLE (Groundball, 56, EV 99.4 MPH) (infield hit) George Gomez scores Chris James to third Mariano Duncan to second
|
Batting: RHB Steve Liddle
|
0-0: Ball 1-0: Called Strike 1-1: Foul Ball, location: 2F 1-2: Strikes out swinging
|
Batting: RHB Jose Maldonado
|
0-0: Ball 1-0: Called Strike 1-1: Swinging Strike 1-2: Strikes out swinging
|
Batting: RHB Brad Komminsk
|
0-0: Ball 1-0: Ball 2-0: Fly out, F8 (Flyball, 78M, EV 87.5 MPH)
|
Top of the 2nd over - 1 run, 2 hits, 0 errors, 3 left on base; Mexico City 1 - Monterrey 0 |
BOTTOM OF THE 2ND |
Monterrey Lasers batting - Pitching for Mexico City Conquistadors : RHP Mark Gubicza
|
Batting: RHB Kirby Puckett
|
0-0: Ground out 6-3 (Groundball, 6, EV 103.1 MPH)
|
Batting: RHB Juan Alvarez
|
0-0: Ball 1-0: Foul Ball, location: 2F 1-1: Foul Ball, location: 2F 1-2: Ground out 1-3 (Groundball, 15, EV 69.4 MPH)
|
Batting: RHB Gil Marquez
|
0-0: Called Strike 0-1: Ball 1-1: SINGLE (Groundball, 4S, EV 69.4 MPH) (infield hit)
|
Batting: RHB Guillermo Montiel
|
0-0: Ground out 1-3 (Groundball, 15S, EV 73.8 MPH)
|
Bottom of the 2nd over - 0 runs, 1 hit, 0 errors, 1 left on base; Mexico City 1 - Monterrey 0 |
TOP OF THE 3RD |
Mexico City Conquistadors batting - Pitching for Monterrey Lasers : LHP Kevin Houston
|
Batting: RHB German Rivera
|
0-0: Ball 1-0: Ball 2-0: Foul Ball, location: 2F 2-1: Ball 3-1: Base on Balls
|
Batting: LHB John Kruk
|
0-0: Ball 1-0: Swinging Strike 1-1: Ball 2-1: Ball 3-1: Fly out, F6 (Flyball, 6D, EV 86.3 MPH)
|
Batting: RHB George Gomez
|
0-0: Called Strike 0-1: Swinging Strike 0-2: Fielders Choice at 2nd, 2-6 (Groundball, 13S, EV 67.5 MPH)
|
Batting: RHB Chris James
|
0-0: Ball 1-0: Ball 2-0: Ball 3-0: Called Strike 3-1: Swinging Strike 3-2: Foul Ball, location: 2F 3-2: Foul Ball, location: 2F 3-2: DOUBLE (Line Drive, 78XD, EV 98.8 MPH) George Gomez to third George Gomez scores
|
Batting: RHB Mariano Duncan
|
0-0: SINGLE (Flyball, 56D, EV 92.5 MPH) Chris James to third Runner from 3rd tries for Home, SAFE, throw by LF to home
|
Batting: RHB Jorge Villalobos
|
0-0: Ball 1-0: Called Strike 1-1: Ball 2-1: Foul Ball, location: 2F 2-2: Foul Ball, location: 2F 2-2: Ball 3-2: Foul Ball, location: 2F 3-2: Foul Ball, location: 2F 3-2: Base on Balls Mariano Duncan to second
|
Batting: RHB Steve Liddle
|
0-0: Called Strike 0-1: Ball 1-1: Called Strike 1-2: Strikes out swinging
|
Top of the 3rd over - 2 runs, 2 hits, 0 errors, 2 left on base; Mexico City 3 - Monterrey 0 |
BOTTOM OF THE 3RD |
Monterrey Lasers batting - Pitching for Mexico City Conquistadors : RHP Mark Gubicza
|
Batting: RHB Juan Castro
|
0-0: Ball 1-0: Ball 2-0: Called Strike 2-1: Swinging Strike 2-2: Ball 3-2: Base on Balls
|
Batting: RHB Bob Melvin
|
0-0: Ball Juan Castro is caught stealing 2nd base 2-4 1-0: Called Strike 1-1: Ball 2-1: Swinging Strike 2-2: Ball 3-2: Strikes out swinging
|
Batting: LHB Lenny Dykstra
|
0-0: Ball 1-0: SINGLE (Groundball, 34S, EV 68.1 MPH) (infield hit)
|
Batting: RHB Bob Brower
|
0-0: Ball Lenny Dykstra is caught stealing 2nd base 2-4
|
Bottom of the 3rd over - 0 runs, 1 hit, 0 errors, 0 left on base; Mexico City 3 - Monterrey 0 |
TOP OF THE 4TH |
Mexico City Conquistadors batting - Pitching for Monterrey Lasers : LHP Kevin Houston
|
Batting: RHB Jose Maldonado
|
0-0: Fly out, F7 (Line Drive, 7, EV 92.5 MPH)
|
Batting: RHB Brad Komminsk
|
0-0: Called Strike 0-1: Ball 1-1: Foul Ball, location: 2F 1-2: Ball 2-2: Strikes out looking
|
Batting: RHB German Rivera
|
0-0: Ball 1-0: Ball 2-0: Ball 3-0: Base on Balls
|
Batting: LHB John Kruk
|
0-0: Swinging Strike 0-1: Foul Ball, location: 2F 0-2: Ball 1-2: Ball 2-2: SINGLE (Groundball, 4MD, EV 100.0 MPH) German Rivera to second German Rivera to third
|
Batting: RHB George Gomez
|
0-0: Ball 1-0: Called Strike 1-1: Ball 2-1: Swinging Strike 2-2: Strikes out swinging
|
Top of the 4th over - 0 runs, 1 hit, 0 errors, 2 left on base; Mexico City 3 - Monterrey 0 |
BOTTOM OF THE 4TH |
Monterrey Lasers batting - Pitching for Mexico City Conquistadors : RHP Mark Gubicza
|
Batting: RHB Bob Brower
|
0-0: Swinging Strike 0-1: Foul Ball, location: 2F 0-2: Ball 1-2: Ball 2-2: Ball 3-2: SINGLE (Groundball, 56D, EV 103.1 MPH)
|
Batting: LHB Terry Francona
|
0-0: Ball 1-0: Swinging Strike 1-1: Ball 2-1: Swinging Strike 2-2: Ball 3-2: Foul Ball, location: 2F 3-2: Foul Ball, location: 2F 3-2: Foul Ball, location: 2F 3-2: Strikes out swinging
|
Batting: RHB Kirby Puckett
|
0-0: Grounds into double play, 4-6-3 (Groundball, 4, EV 86.9 MPH)
|
Bottom of the 4th over - 0 runs, 1 hit, 0 errors, 0 left on base; Mexico City 3 - Monterrey 0 |
TOP OF THE 5TH |
Mexico City Conquistadors batting - Pitching for Monterrey Lasers : LHP Kevin Houston
|
Batting: RHB Chris James
|
0-0: Ball 1-0: Ball 2-0: Ball 3-0: Base on Balls
|
Batting: RHB Mariano Duncan
|
0-0: Called Strike 0-1: Called Strike 0-2: Ball 1-2: Foul Ball, location: 2F 1-2: Ball 2-2: Ball 3-2: Base on Balls Chris James to second
|
Batting: RHB Jorge Villalobos
|
0-0: Fly out, F6 (Flyball, 56D, EV 96.3 MPH)
|
Batting: RHB Steve Liddle
|
0-0: Ball 1-0: Called Strike Chris James steals 3rd base Mariano Duncan to second 1-1: Ball 2-1: Called Strike 2-2: Ball 3-2: Foul Ball, location: 2F 3-2: Fly out, F3 (Popup, 34S, EV 66.3 MPH)
|
Batting: RHB Jose Maldonado
|
0-0: Ball 1-0: Called Strike 1-1: Called Strike 1-2: Ball 2-2: Strikes out swinging
|
Top of the 5th over - 0 runs, 0 hits, 0 errors, 2 left on base; Mexico City 3 - Monterrey 0 |
BOTTOM OF THE 5TH |
Monterrey Lasers batting - Pitching for Mexico City Conquistadors : RHP Mark Gubicza
|
Batting: RHB Juan Alvarez
|
0-0: Ground out 5-3 (Groundball, 56S, EV 83.1 MPH)
|
Batting: RHB Gil Marquez
|
0-0: Foul Ball, location: 2F 0-1: Called Strike 0-2: Ball 1-2: Ground out 2-3 (Groundball, 15S, EV 64.4 MPH)
|
Batting: RHB Guillermo Montiel
|
0-0: Called Strike 0-1: Called Strike 0-2: Foul Ball, location: 2F 0-2: Ball 1-2: Strikes out swinging
|
Bottom of the 5th over - 0 runs, 0 hits, 0 errors, 0 left on base; Mexico City 3 - Monterrey 0 |
TOP OF THE 6TH |
Mexico City Conquistadors batting - Pitching for Monterrey Lasers : LHP Kevin Houston
|
Batting: RHB Brad Komminsk
|
0-0: Ball 1-0: DOUBLE (Flyball, 8LXD, EV 96.3 MPH)
|
Batting: RHB German Rivera
|
0-0: Foul Ball, location: 2F 0-1: Foul Ball, location: 2F 0-2: Strikes out swinging
|
Batting: LHB John Kruk
|
0-0: Ball 1-0: SINGLE (Groundball, 4MD, EV 94.4 MPH) Brad Komminsk to third Runner from 3rd tries for Home, SAFE, throw by CF to home
|
Batting: RHB George Gomez
|
0-0: Ball 1-0: Fly out, F9 (Line Drive, 9, EV 88.8 MPH)
|
Batting: RHB Chris James
|
0-0: Foul Ball, location: 2F 0-1: Foul Ball, location: 2F 0-2: Ball 1-2: Strikes out swinging
|
Top of the 6th over - 1 run, 2 hits, 0 errors, 1 left on base; Mexico City 4 - Monterrey 0 |
BOTTOM OF THE 6TH |
Monterrey Lasers batting - Pitching for Mexico City Conquistadors : RHP Mark Gubicza
|
Batting: RHB Juan Castro
|
0-0: Called Strike 0-1: Ball 1-1: Swinging Strike 1-2: Strikes out swinging
|
Batting: RHB Bob Melvin
|
0-0: Ball 1-0: Called Strike 1-1: Foul Ball, location: 2F 1-2: Ball 2-2: Fly out, F9 (Flyball, 9S, EV 93.8 MPH)
|
Batting: LHB Lenny Dykstra
|
0-0: Ball 1-0: Ball 2-0: Ball 3-0: Base on Balls
|
Batting: RHB Bob Brower
|
0-0: Ball 1-0: Foul Ball, location: 2F 1-1: Ball 2-1: SINGLE (Groundball, 6S, EV 63.1 MPH) (infield hit) Lenny Dykstra to second
|
Batting: LHB Terry Francona
|
0-0: Foul Ball, location: 2F 0-1: Ball 1-1: Foul Ball, location: 2F 1-2: Ground out 3-1 (Groundball, 13, EV 91.3 MPH)
|
Bottom of the 6th over - 0 runs, 1 hit, 0 errors, 2 left on base; Mexico City 4 - Monterrey 0 |
TOP OF THE 7TH |
Mexico City Conquistadors batting - Pitching for Monterrey Lasers : LHP Kevin Houston
|
Pitching: RHP David Jensen
|
|
Batting: RHB Mariano Duncan
|
0-0: Called Strike 0-1: Ball 1-1: Swinging Strike 1-2: Strikes out swinging
|
Batting: RHB Jorge Villalobos
|
0-0: Called Strike 0-1: Ball 1-1: Foul Ball, location: 2F 1-2: Ball 2-2: SINGLE (Line Drive, 4M, EV 102.5 MPH)
|
Batting: RHB Steve Liddle
|
0-0: Ball 1-0: Fly out, F6 (Popup, P, EV 78.8 MPH)
|
Batting: RHB Jose Maldonado
|
0-0: Called Strike Jorge Villalobos steals 2nd base 0-1: Swinging Strike 0-2: Ball 1-2: Strikes out looking
|
Top of the 7th over - 0 runs, 1 hit, 0 errors, 1 left on base; Mexico City 4 - Monterrey 0 |
BOTTOM OF THE 7TH |
Monterrey Lasers batting - Pitching for Mexico City Conquistadors : RHP Mark Gubicza
|
Batting: RHB Kirby Puckett
|
0-0: Called Strike 0-1: Foul Ball, location: 2F 0-2: Ground out 6-3 (Groundball, 56, EV 90.0 MPH)
|
Batting: RHB Juan Alvarez
|
0-0: Ball 1-0: Fly out, F3 (Line Drive, 3, EV 62.5 MPH)
|
Batting: RHB Gil Marquez
|
0-0: Called Strike 0-1: Ball 1-1: Foul Ball, location: 2F 1-2: Foul Ball, location: 2F 1-2: Fly out, F7 (Flyball, 78D, EV 105.0 MPH)
|
Bottom of the 7th over - 0 runs, 0 hits, 0 errors, 0 left on base; Mexico City 4 - Monterrey 0 |
TOP OF THE 8TH |
Mexico City Conquistadors batting - Pitching for Monterrey Lasers : RHP David Jensen
|
Batting: RHB Brad Komminsk
|
0-0: Called Strike 0-1: Ball 1-1: Foul Ball, location: 2F 1-2: Foul Ball, location: 2F 1-2: Ball 2-2: Foul Ball, location: 2F 2-2: Foul Ball, location: 2F 2-2: Foul Ball, location: 2F 2-2: Foul Ball, location: 2F 2-2: Strikes out swinging
|
Batting: RHB German Rivera
|
0-0: Ball 1-0: Swinging Strike 1-1: SINGLE (Flyball, 4D, EV 91.9 MPH)
|
Batting: LHB John Kruk
|
0-0: Called Strike 0-1: Fly out, F8 (Flyball, 78S, EV 86.3 MPH)
|
Batting: RHB George Gomez
|
0-0: Ball 1-0: Ball 2-0: Ball 3-0: Base on Balls German Rivera to second
|
Pitching: RHP Wilfrido Cordoba
|
|
Batting: RHB Chris James
|
0-0: Ball 1-0: Ball 2-0: Ball 3-0: Called Strike 3-1: Foul Ball, location: 2F 3-2: Base on Balls German Rivera to third George Gomez to second
|
Batting: RHB Mariano Duncan
|
0-0: Called Strike 0-1: Ball 1-1: Ball 2-1: Called Strike 2-2: Foul Ball, location: 2F 2-2: Ground out 4-3 (Groundball, 4, EV 76.3 MPH)
|
Top of the 8th over - 0 runs, 1 hit, 0 errors, 3 left on base; Mexico City 4 - Monterrey 0 |
BOTTOM OF THE 8TH |
Monterrey Lasers batting - Pitching for Mexico City Conquistadors : RHP Mark Gubicza
|
Batting: RHB Guillermo Montiel
|
0-0: Swinging Strike 0-1: Foul Ball, location: 2F 0-2: Foul Ball, location: 2F 0-2: Strikes out swinging
|
Batting: RHB Juan Castro
|
0-0: Swinging Strike 0-1: Ball 1-1: Called Strike 1-2: Foul Ball, location: 2F 1-2: Foul Ball, location: 2F 1-2: Ball 2-2: Foul Ball, location: 2F 2-2: Ball 3-2: Foul Ball, location: 2F 3-2: Strikes out swinging
|
Batting: RHB Bob Melvin
|
0-0: Called Strike 0-1: Ball 1-1: Ball 2-1: Ground out U3 (Groundball, 3, EV 106.3 MPH)
|
Bottom of the 8th over - 0 runs, 0 hits, 0 errors, 0 left on base; Mexico City 4 - Monterrey 0 |
TOP OF THE 9TH |
Mexico City Conquistadors batting - Pitching for Monterrey Lasers : RHP Wilfrido Cordoba
|
Batting: RHB Jorge Villalobos
|
0-0: Ball 1-0: Fly out, F7 (Line Drive, 7, EV 102.5 MPH)
|
Batting: RHB Steve Liddle
|
0-0: Called Strike 0-1: Swinging Strike 0-2: Ball 1-2: Foul Ball, location: 2F 1-2: Strikes out swinging
|
Batting: RHB Jose Maldonado
|
0-0: Called Strike 0-1: Ball 1-1: Ball 2-1: Ball 3-1: Foul Ball, location: 2F 3-2: Foul Ball, location: 2F 3-2: Strikes out looking
|
Top of the 9th over - 0 runs, 0 hits, 0 errors, 0 left on base; Mexico City 4 - Monterrey 0 |
BOTTOM OF THE 9TH |
Monterrey Lasers batting - Pitching for Mexico City Conquistadors : RHP Mark Gubicza
|
Batting: LHB Lenny Dykstra
|
0-0: Ball 1-0: Called Strike 1-1: Called Strike 1-2: Ball 2-2: Foul Ball, location: 2F 2-2: Ball 3-2: SINGLE (Line Drive, 56, EV 106.3 MPH)
|
Batting: RHB Bob Brower
|
0-0: Ball 1-0: Called Strike 1-1: Swinging Strike 1-2: Strikes out swinging
|
Batting: LHB Terry Francona
|
0-0: Grounds into double play, 1-6-3 (Groundball, 13S, EV 71.9 MPH)
|
Bottom of the 9th over - 0 runs, 1 hit, 0 errors, 0 left on base; Mexico City 4 - Monterrey 0 |
|